 Dungeon Crawl Stone Soup version 0.17.0-22-g5edae84 (webtiles) character file.

9172 JudasIscariot the Protected (level 11, -1/92 HPs)
             Began as a Demonspawn Fighter on Nov 13, 2015.
             Was a High Priest of Okawaru.
             Killed by Ozocubu's Refrigeration
             ... invoked by Fannar
              (25 damage)
             ... on level 1 of the Orcish Mines.
             The game lasted 00:31:54 (7930 turns).

JudasIscariot the Protected (Demonspawn Fighter)    Turns: 7930, Time: 00:31:55

Health: -1/92      AC: 16    Str: 21 (22) XL:     11   Next: 19%
Magic:  11/11      EV:  7    Int: 13 (14) God:    Okawaru [*****.]
Gold:   204        SH: 12    Dex: 22      Spells: 0 memorised, 10 levels left

rFire  + . .     SeeInvis .     h - +10 whip "Ellocw" {slash, rElec Str+3 Dex+6}
rCold  x . .     Rnd*Rage +     q - +0 plate armour
rNeg   + . .     SustAt   .     c - +0 shield
rPois  .         Gourm    .     N - +1 hat
rElec  +         Spirit   .     D - +0 cloak
rCorr  .         Warding  .     (gloves unavailable)
rMut   .         Stasis   .     (no boots)
MR     .....                    (no amulet)
Stlth  ..........               n - ring of positive energy
                                g - ring of fire

@: brilliant, about to teleport, very slightly contaminated, not resistant to
hostile enchantments, extremely unstealthy
A: claws 3, thin skeletal structure 2, berserk 1, deterioration 1, dopey 1,
robust 1, electricity resistance, spiny 1, rot immunity
a: Heroism, Finesse, Renounce Religion


You were on level 1 of the Orcish Mines.
You worshipped Okawaru.
Okawaru was extremely pleased with you.
You were hungry.

You visited 3 branches of the dungeon, and saw 12 of its levels.
You also visited: Ossuary.

You collected 373 gold pieces.
You spent 169 gold pieces at shops.

Inventory:

Hand Weapons
 a - a +0 war axe
 h - the +10 whip "Ellocw" (weapon) {slash, rElec Str+3 Dex+6}
   (You found it on level 5 of the Dungeon)

   It inflicts extra damage upon your enemies.
   It affects your strength (+3).
   It affects your dexterity (+6).
   It insulates you from electricity.
 t - a +1 hand axe of freezing
 O - the +10 spear "Xyiss" {drain, +Blink Str-5 Dex+5}
   (You found it on level 9 of the Dungeon)

   A truly terrible weapon, it drains the life of those it strikes.
   It affects your strength (-5).
   It affects your dexterity (+5).
   It lets you blink.
Armour
 b - a +0 scale mail
 c - a +0 shield (worn)
 q - a +0 plate armour (worn)
 y - a +0 helmet
 D - a +0 cloak (worn)
 N - a +1 hat (worn)
Jewellery
 g - a ring of fire (left claw)
 n - a ring of positive energy (right claw)
 C - a +3 ring of evasion {unknown}
Wands
 J - a wand of cold (6)
Scrolls
 i - 5 scrolls of enchant weapon
 l - 2 scrolls of fog
 m - a scroll of recharging
 s - 2 scrolls of vulnerability {unknown}
 u - 3 scrolls of magic mapping
 w - 2 scrolls of teleportation
 A - 7 scrolls of remove curse
 B - a scroll of immolation
 K - a scroll of fear
Potions
 d - 4 potions of might
 f - 2 potions of agility
 k - a potion of cancellation
 x - 2 potions of lignification
 E - 3 potions of flight
 F - a potion of berserk rage
 G - a potion of curing
 H - a potion of degeneration
Books
 p - a book of Burglary

   Spells                             Type                      Level
   a - Swiftness                      Charms/Air                   2
   b - Passwall                       Transmutation/Earth          3
   c - Passage of Golubria            Translocation                4
   d - Lee's Rapid Deconstruction     Earth                        5
   e - Darkness                       Hexes                        6
   f - Invisibility                   Hexes                        6
 v - a book of the Dragon

   Spells                             Type                      Level
   a - Flame Tongue                   Conjuration/Fire             1
   b - Cause Fear                     Hexes                        4
   c - Bolt of Fire                   Conjuration/Fire             6
   d - Dragon Form                    Transmutation                7
   e - Dragon's Call                  Summoning                    9
 P - a book of Frost

   Spells                             Type                      Level
   a - Freeze                         Ice                          1
   b - Throw Frost                    Conjuration/Ice              2
   c - Ozocubu's Armour               Charms/Ice                   3
   d - Throw Icicle                   Conjuration/Ice              4
   e - Summon Ice Beast               Ice/Summoning                4
   f - Condensation Shield            Ice                          4
Comestibles
 e - 6 bread rations
 j - 6 meat rations
 o - 9 beef jerkies
 r - 2 slices of pizza
 Q - 5 chunks of flesh


   Skills:
 * Level 7.5 Fighting
 - Level 2.7(5.3) Axes
 * Level 7.2(7.4) Maces & Flails
 * Level 9.5 Armour
 + Level 2.5 Dodging
 + Level 1.3 Stealth
 * Level 8.9 Shields
 + Level 0.3 Invocations


You had 10 spell levels left.
You didn't know any spells.

Dungeon Overview and Level Annotations

Branches:
Dungeon (9/15)             Temple (1/1) D:6            Lair (0/8) D:8
    Orc (2/4) D:9

Altars:
Ashenzari
Cheibriados
Dithmenos
Elyvilon
Fedhas
Gozag
Kikubaaqudgha
Makhleb
Nemelex Xobeh
Okawaru
Qazlal
Ru
Sif Muna
Trog
Vehumet
Xom
Yredelemnul
Zin
The Shining One

Shops:
D:4 :=   D:7 *   D:9 [   Orc:1 }   Orc:2 !

Annotations:
D:9 exclusion: ice statue
Orc:1 Fannar


Innate Abilities, Weirdness & Mutations

You have claws for hands.
You have a moderately thin skeletal structure (Dex +4, Stealth+).
You are partially covered in sharp spines.
You are immune to rotting.
You tend to lose your temper in combat.
Your body sometimes deteriorates upon taking damage.
You are dopey. (Int -2)
You are robust (+10% HP).
You are resistant to electric shocks.


Message History

As you read the scroll of identify, it crumbles to dust.
E - 3 potions of flight Read which item? (? for menu, Esc to quit)
Identify which item? (\ to view known items) (? for menu, Esc to quit)
As you read the scroll of identify, it crumbles to dust.
H - a potion of degeneration Drink which item? (? for menu, Esc to quit)
It was a potion of brilliance.
You feel clever all of a sudden.
Drink which item? (? for menu, Esc to quit)
It was a potion of heal wounds.
You feel much better.
Read which item? (? for menu, Esc to quit)
As you read the scroll of teleportation, it crumbles to dust.
You feel strangely unstable. Fannar is struck by your spines.
Fannar hits you with a staff of cold. Fannar freezes you!
* * * LOW HITPOINT WARNING * * *
Fannar gestures wildly while chanting.
Fannar drains the heat from the surrounding environment!
You feel a terrible chill!
You feel very cold.
You die...

#### ##..#
##...####
##.......#
##........###
#.....@.e...##
##..##.##....#
#...###....##
###..#....##
##.....##
#.....e##
#######.....[###
##.##.#..#..)>)<##
#.......##...)...#


You could see Fannar.

Vanquished Creatures
  Gastronok (D:9)
  An unseen horror (D:9)
  A hill giant (D:9)
  Joseph (D:7)
  7 yaks (D:8)
  A wyvern (D:8)
  Grum (D:9)
  4 wolves (D:9)
  A hippogriff (D:7)
  A hungry ghost (D:8)
  Menkaure (Ossuary)
  2 water moccasins
  2 sky beasts
  2 orc warriors
  2 porcupines (D:8)
  3 black bears
  An ice beast (D:6)
  3 ogres
  5 centaurs
  6 phantoms
  A big kobold (D:8)
  A crocodile (D:8)
  A gnoll sergeant (D:5)
  A wyvern zombie (D:9)
  3 giant frogs
  A scorpion (D:7)
  4 crimson imps
  A centaur zombie (D:9)
  2 centaur skeletons
  2 jellies
  11 orc wizards
  A quasit (D:7)
  Crazy Yiuf (D:7)
  An iguana (D:6)
  3 orc priests
  Ijyb (D:3)
  2 hounds
  Jessica (D:3)
  A giant frog skeleton (D:6)
  8 worker ants
  2 mummies (Ossuary)
  4 worker ant zombies
  2 adders
  6 gnolls (D:5)
  4 river rats (D:8)
  2 shadow imps (D:5)
  An ooze (D:2)
  An adder skeleton (D:6)
  2 worms
  4 giant geckos
  16 orcs
  2 ball pythons
  4 bats
  3 giant cockroaches
  3 goblins
  5 hobgoblins
  6 jackals
  6 quokkas
  A giant gecko zombie (D:9)
  2 giant newts
  A gnoll skeleton (Ossuary)
  3 goblin skeletons (Ossuary)
  A goblin zombie (Ossuary)
  3 hobgoblin skeletons (Ossuary)
  7 hobgoblin zombies (Ossuary)
  8 kobolds
  2 kobold skeletons (Ossuary)
  3 kobold zombies
  A quokka zombie (D:7)
  10 rats
  2 rat skeletons (Ossuary)
  A rat zombie (Ossuary)
211 creatures vanquished.

Vanquished Creatures (others)
  A mummy (Ossuary)
  3 gnoll skeletons (Ossuary)
  6 goblin skeletons (Ossuary)
  A goblin zombie (Ossuary)
  2 hobgoblin skeletons (Ossuary)
  A hobgoblin zombie (Ossuary)
  2 kobold skeletons (Ossuary)
  4 kobold zombies (Ossuary)
  An orc skeleton (Ossuary)
  4 orc zombies (Ossuary)
  4 rat zombies (Ossuary)
  3 fungi (D:8)
  8 plants (D:8)
40 creatures vanquished.

Grand Total: 251 creatures vanquished

Notes
Turn   | Place    | Note
--------------------------------------------------------------
     0 | D:1      | JudasIscariot the Demonspawn Fighter began the quest for the Orb.
     0 | D:1      | Reached XP level 1. HP: 18/18 MP: 1/1
   403 | D:1      | Gained mutation: You have a somewhat thin skeletal structure (Dex +2, Stealth). [demonic ancestry]
   403 | D:1      | Reached XP level 2. HP: 22/24 MP: 2/2
  1045 | D:3      | Noticed Jessica
  1056 | D:3      | Killed Jessica
  1056 | D:3      | Reached XP level 3. HP: 13/29 MP: 3/3
  1117 | D:3      | Found a deep blue altar of Sif Muna.
  1137 | D:3      | Reached XP level 4. HP: 13/35 MP: 4/4
  1448 | D:3      | Noticed Ijyb
  1462 | D:3      | Killed Ijyb
  1660 | D:3      | Found an opulent altar of Gozag.
  1855 | D:4      | Found a stormy altar of Qazlal.
  1962 | D:4      | Found Rucrir's Book Shoppe.
  2295 | D:4      | Found Etiamilo's Jewellery Emporium.
  2336 | D:4      | Reached skill level 4 in Armour
  2336 | D:4      | Gained mutation: You have sharp fingernails. [demonic ancestry]
  2336 | D:4      | Reached XP level 5. HP: 26/41 MP: 5/5
  2377 | D:5      | Entered Level 5 of the Dungeon
  2379 | D:5      | Noticed a phantom
  2422 | D:5      | Noticed a black bear
  2429 | D:5      | HP: 2/41 [black bear (4)]
  2433 | D:5      | Killed a black bear
  2718 | D:5      | Got a translucent whip
  2719 | D:5      | Identified the +10 whip "Ellocw" {slash, rElec Str+3 Dex+6} (You found it on level 5 of the Dungeon)
  2756 | D:5      | Gained mutation: You are partially covered in sharp spines. [demonic ancestry]
  2756 | D:5      | Reached XP level 6. HP: 48/48 MP: 6/6
  2788 | D:5      | Found a basalt altar of Yredelemnul.
  2792 | D:5      | Killed a phantom
  2951 | D:5      | Found a shattered altar of Ashenzari.
  3129 | D:5      | Reached skill level 1 in Maces & Flails
  3135 | D:5      | Reached skill level 5 in Armour
  3139 | D:5      | Gained mutation: You have very sharp fingernails. [demonic ancestry]
  3139 | D:5      | Reached XP level 7. HP: 45/54 MP: 7/7
  3141 | D:5      | Reached skill level 1 in Dodging
  3542 | D:6      | Reached skill level 6 in Armour
  3542 | D:6      | Reached XP level 8. HP: 54/61 MP: 8/8
  3621 | D:6      | Found a staircase to the Ecumenical Temple.
  3649 | D:6      | Reached skill level 5 in Shields
  3709 | D:6      | Reached skill level 5 in Fighting
  4114 | D:7      | Found a bloodstained altar of Trog.
  4178 | D:7      | Reached skill level 7 in Armour
  4399 | D:7      | Gained mutation: You have claws for hands. [demonic ancestry]
  4399 | D:7      | Reached XP level 9. HP: 59/68 MP: 9/9
  4437 | D:7      | Found a shadowy altar of Dithmenos.
  4821 | Temple   | Entered the Ecumenical Temple
  4883 | Temple   | Became a worshipper of Warmaster Okawaru
  4933 | D:7      | Noticed Joseph
  4955 | D:7      | Killed Joseph
  5198 | D:7      | Noticed Crazy Yiuf
  5201 | D:7      | Killed Crazy Yiuf
  5280 | D:7      | Found Usisimai's General Store.
  5284 | D:7      | Bought a scroll of teleportation for 39 gold pieces
  5284 | D:7      | Bought a potion of berserk rage for 65 gold pieces
  5284 | D:7      | Bought a meat ration for 65 gold pieces
  5398 | D:8      | Gained mutation: You are dopey. (Int -2) [mutagenic meat]
  5399 | D:8      | Gained mutation: You are robust (+10% HP). [mutagenic meat]
  5400 | D:8      | Gained mutation: Your body sometimes deteriorates upon taking damage. [mutagenic meat]
  5417 | D:8      | Found a sand-covered staircase.
  5448 | Ossuary  | Entered an ossuary
  5564 | Ossuary  | Gained mutation: You are resistant to electric shocks. [potion of beneficial mutation]
  5757 | Ossuary  | Noticed Menkaure
  5764 | Ossuary  | Killed Menkaure
  5764 | Ossuary  | Reached * piety under Okawaru
  5829 | D:8      | Reached skill level 8 in Armour
  5884 | D:8      | Gained mutation: You tend to lose your temper in combat. [potion of mutation]
  6083 | D:8      | Reached skill level 5 in Maces & Flails
  6088 | D:8      | Reached ** piety under Okawaru
  6088 | D:8      | Reached skill level 1 in Stealth
  6092 | D:8      | Gained mutation: You have a moderately thin skeletal structure (Dex +4, Stealth+). [demonic ancestry]
  6092 | D:8      | Reached XP level 10. HP: 60/83 MP: 10/10
  6149 | D:8      | Found a staircase to the Lair.
  6263 | D:8      | Noticed a moth of wrath
  6265 | D:8      | Found a bloodstained altar of Trog.
  6516 | D:8      | Found a shimmering altar of Xom.
  6668 | D:8      | Found a shadowy altar of Dithmenos.
  6781 | D:9      | Noticed Grum
  6794 | D:9      | Reached *** piety under Okawaru
  6808 | D:9      | Killed Grum
  6873 | D:9      | Found Fehimoc's Antique Armour Shop.
  6891 | D:9      | Noticed Gastronok
  6910 | D:9      | Killed Gastronok
  6910 | D:9      | Reached **** piety under Okawaru
  6910 | D:9      | Reached skill level 9 in Armour
  6975 | D:9      | Killed an unseen horror
  6975 | D:9      | Gained mutation: You are immune to rotting. [demonic ancestry]
  6975 | D:9      | Reached XP level 11. HP: 57/92 MP: 11/11
  7171 | D:9      | Noticed a hill giant
  7190 | D:9      | Killed a hill giant
  7190 | D:9      | Reached ***** piety under Okawaru
  7655 | D:9      | Got a pitted spear
  7668 | D:9      | Identified the +10 spear "Xyiss" {drain, +Blink Str-5 Dex+5} (You found it on level 9 of the Dungeon)
  7787 | D:9      | Found a staircase to the Orcish Mines.
  7813 | Orc:1    | Entered Level 1 of the Orcish Mines
  7845 | Orc:1    | Found Batezu Pey's Gadget Boutique.
  7902 | Orc:2    | Found Izofif's Distillery.
  7902 | Orc:2    | Noticed Fannar
  7930 | Orc:1    | Killed from afar by Fannar

Action                   |  1- 3 |  4- 6 |  7- 9 | 10-12 || total
-------------------------+-------+-------+-------+-------++-------
Melee: War axe           |    60 |    22 |       |       ||    82
       Hand axe          |       |    62 |       |       ||    62
       Whip              |       |    37 |   255 |   203 ||   495
Invok: Heroism           |       |       |       |     1 ||     1
  Use: Potion            |       |     2 |     4 |     2 ||     8
       Scroll            |       |       |    16 |     4 ||    20
  Eat: Chunk             |     1 |     6 |    13 |     4 ||    24
       Bread ration      |       |       |       |     1 ||     1
